 Dungeon Crawl Stone Soup version 0.26-a0-388-gf3277c4969 (webtiles) character file.

Game seed: 4910744964748079271

104 KristoblXynda the Slasher (level 4, -7/37 HPs)
             Began as a Draconian Gladiator on July 21, 2020.
             Was an Initiate of Ashenzari.
             Killed from afar by Ijyb (11 damage)
             ... with a bolt of acid
             ... on level 3 of the Dungeon.
             The game lasted 00:02:40 (2594 turns).

KristoblXynda the Slasher (Draconian Gladiator)     Turns: 2594, Time: 00:02:40

Health: -7/37      AC:  6    Str: 16    XL:     4   Next: 52%
Magic:  4/4        EV: 13    Int: 10    God:    Ashenzari [......]
Gold:   167        SH:  0    Dex: 12    Spells: 3/3 levels left

rFire    . . .     SeeInvis .   a - +0 long sword
rCold    . . .     Faith    .   (no shield)
rNeg     . . .     Spirit   .   (armour unavailable)
rPois    .         Reflect  .   b - +0 hat
rElec    .         Harm     .   (no cloak)
rCorr    .                      i - +0 pair of gloves
MR       .....                  (no boots)
Stlth    +.........             (no amulet)
HPRegen  0.12/turn              (no ring)
MPRegen  0.09/turn              (no ring)

@: no status effects
A: unfitting armour, cold-blooded, AC +5
a: Curse Item, Renounce Religion


You were on level 3 of the Dungeon.
You worshipped Ashenzari.
Ashenzari was noncommittal.
You visited 1 branch of the dungeon, and saw 3 of its levels.

You collected 167 gold pieces.

Inventory:

Hand Weapons
 a - a +0 long sword (weapon)
Missiles
 c - 3 throwing nets (quivered)
Armour
 b - a +0 hat (worn)
 i - a +0 pair of gloves (worn)
Jewellery
 f - an uncursed amulet of faith
Scrolls
 d - a scroll of enchant weapon {unknown}
 e - a scroll of random uselessness {unknown}
 h - a scroll of blinking {unknown}
 l - 2 scrolls of identify {unknown}
 m - a scroll of remove curse
 n - a scroll of enchant armour {unknown}
Potions
 g - a potion of might {unknown}
 j - 2 potions of magic {unknown}
 k - 2 potions of flight {unknown}
 o - a potion of stabbing {unknown}


   Skills:
 + Level 2.9 Fighting
 * Level 4.3 Long Blades
 - Level 2.0 Throwing
 + Level 3.3 Dodging


You had 3 spell levels left.
You didn't know any spells.
Your spell library was empty.

Dungeon Overview and Level Annotations

Branches:
Dungeon (3/15)

Altars:
Ashenzari
Gozag
Ru

Annotations:
D:2 1 runed translucent door, Crazy Yiuf
D:3 Ijyb


Innate Abilities, Weirdness & Mutations

Your plain brown scales are hard. (AC +5)
You cannot fit into any form of body armour.
You are cold-blooded and may be slowed by cold attacks.


Message History

Ijyb moves out of view.
You slash the adder!
The adder is severely wounded.
The adder bites you but does no damage.
Unknown command.
You closely miss the adder.
The adder is severely wounded.
The adder closely misses you. The adder barely misses you.
Ijyb shouts!
You hit the adder.
You kill the adder!
Ijyb zaps a wand.
The bolt of acid hits you!!
Ouch! That really hurt!
You are splashed with acid!
* * * LOW HITPOINT WARNING * * *
You hit Ijyb.
Ijyb is lightly wounded.
A quokka comes into view.
Ijyb zaps a wand.
The bolt of acid hits you!
You die...

....#...#.#..###......####.
........#.#####............
....#...#.. #####.#.#####
......#.#.# #.#.#
###...#.### #.#.# ###.#.#.
#.#.# #.#.#r #...# ..#g####
#.#.# ..#.@#.######.#.#
..#.#..†..#.#.#.#
.#.######.#..#.#.#
####.#.#.# #...#.# #####.#


You could see Ijyb and a quokka.

Vanquished Creatures
  4 adders
  5 leopard geckos
  8 bats
  5 giant cockroaches
  8 goblins
  5 hobgoblins
  2 jackals (D:1)
  7 kobolds
  2 quokkas (D:2)
  A ball python (D:2)
  5 frilled lizards
  7 rats
59 creatures vanquished.

Notes
Turn   | Place    | Note
-------+----------+-------------------------------------------
     0 | D:1      | KristoblXynda the Draconian Gladiator began the quest for
                  | the Orb.
     0 | D:1      | Reached XP level 1. HP: 17/17 MP: 1/1
   246 | D:1      | Reached XP level 2. HP: 24/24 MP: 2/2
   733 | D:1      | Reached XP level 3. HP: 27/30 MP: 3/3
  1141 | D:2      | Found an opulent altar of Gozag.
  1176 | D:2      | Found a runed translucent door.
  1177 | D:2      | Noticed Crazy Yiuf
  1265 | D:2      | Reached skill level 4 in Long Blades
  1597 | D:2      | Reached XP level 4. HP: 37/37 MP: 4/4
  1896 | D:2      | Found a shattered altar of Ashenzari.
  1945 | D:2      | Found a sacrificial altar of Ru.
  1982 | D:2      | Became a worshipper of Ashenzari the Shackled
  2589 | D:3      | Noticed Ijyb
  2594 | D:3      | Killed from afar by Ijyb

Illustrated notes

Levels and vault maps discovered:
D:1:      ebering_trefoil_twist, layout_basic
D:2:      minmay_recursive_quarters, layout_loops_corners,
          ashenzari_conservatory_becter, lemuel_doored_altar,
          grunt_gozag_statues, uniq_crazy_yiuf_cottage
D:3:      minmay_angry_zag, layout_loops_ring, nicolae_overflow_crystal_walls,
          hangedman_decor_push, minmay_gold_behind_fungi, minmay_snake_closets,
          uniq_ijyb

Skill      XL: |  1  2  3 |
---------------+----------+-----
Throwing       | 2 |  2.0
Dodging        | 3 |  3.3
Long Blades    | 4 |  4.3
Fighting       | |  2.9

Action                   |  1- 3 |  4- 6 || total
-------------------------+-------+-------++-------
Melee: Long sword        |   101 |    44 ||   145
       Tailslap          |    14 |     4 ||    18
 Stab: Sleeping          |     1 |     1 ||     2
Armor: Skin              |    50 |    25 ||    75
Dodge: Dodged            |   111 |    53 ||   164
       Rpst.: Long sword |    32 |    14 ||    46

Table legend: (Time is in decaauts)
 A = Elapsed time spent in this place.
 B = Non-inter-level travel time spent in this place.
 C = Inter-level travel time spent in this place.
 D = Time resting spent in this place.
 E = Time spent auto-exploring this place.
 F = Levels seen in this place.
 G = Mean time per level.
                   A        B        C        D        E       F      G
               +--------+--------+--------+--------+--------+-----+--------+
         Total |   2624 |   2550 |     74 |    446 |   1641 |   3 |  874.7 |
       Dungeon |   2624 |   2550 |     74 |    446 |   1641 |   3 |  874.7 |
               +--------+--------+--------+--------+--------+-----+--------+
Top levels by time: D:2: 1425 daAuts D:1: 1084 daAuts D:3: 114 daAuts
